Map: 벨시르 잔재 (공허)

Players

aLive - Winner!

  • Race: Terran Terran
  • Spawn Location: 5:00

Neeb

  • Race: Protoss Protoss
  • Spawn Location: 11:00

Event: IEM XI Katowice - World Championship 2017

VOD

Have the link to the VOD?

Description

Time

  • Played on: March 2, 2017, 2:50 a.m.
  • Length: 10:28

All games in this series

Show
View Real Time Build Order
Export as new Build Order

aLive Terran - Winner!

Build Orders: Cyclone Opening, Reaper Expand, MMM Bio 

Get SALT Encoding   

  12  0:00  SCV  
  13  0:12  SCV  
  14  0:17  Supply Depot  
  14  0:25  SCV  
  15  0:28  Refinery  
  15  0:38  SCV  
  16  0:44  Barracks  
  16  0:50  SCV  
  17  1:03  SCV  
  18  1:15  SCV  
  19  1:30  Orbital Command  
  19  1:31  Reaper  
  20  1:41  Command Center  
  20  1:52  Factory  
  20  1:57  SCV  
  21  2:05  Refinery  
  21  2:06  Barracks Reactor  
  21  2:09  SCV  
  21  2:14  Supply Depot  
  22  2:21  SCV  
  23  2:35  SCV  
  24  2:37  Cyclone  
  24  2:42  Marine x2  
  29  2:47  SCV  
  30  2:55  Starport  
  30  3:00  Marine x2  
  30  3:01  Orbital Command  
  30  3:05  SCV  
  33  3:11  Widow Mine  
  35  3:18  Marine x2  
  34  3:20  SCV  
  35  3:27  SCV  
  35  3:32  SCV, Medivac  
  39  3:37  Marine  
  39  3:38  Barracks  
  39  3:39  Marine  
  41  3:42  Widow Mine  
  41  3:46  SCV x2  
  45  3:53  Supply Depot  
  45  3:57  Liberator  
  45  4:00  SCV  
  46  4:14  SCV x2  
  51  4:17  Factory Tech Lab  
  51  4:18  Supply Depot  
  51  4:23  Barracks  
  51  4:26  Marine x2, Barracks Tech Lab  
  54  4:31  SCV  
  54  4:33  Supply Depot  
  54  4:39  SCV  
  54  4:43  SCV  
  53  4:45  Marine x2  
  53  4:46  Marine, Siege Tank  
  59  4:54  Stimpack  
  59  4:56  Engineering Bay  
  59  4:57  SCV x2  
  61  5:00  Starport Reactor  
  61  5:05  Supply Depot  
  61  5:07  Marine x3  
  61  5:09  SCV  
  61  5:10  SCV  
  66  5:15  Supply Depot  
  66  5:19  Refinery  
  66  5:20  Refinery  
  64  5:23  Siege Tank  
  68  5:28  SCV x2  
  68  5:32  Terran Infantry Weapons Level 1  
  68  5:34  Marine  
  68  5:35  Marine x3  
  73  5:40  Supply Depot  
  73  5:41  SCV x2  
  70  5:54  Marine x2, Marauder  
  74  5:57  SCV x2  
  74  6:00  Supply Depot x2  
  76  6:05  Combat Shields  
  76  6:06  Marauder, Factory Reactor  
  78  6:12  Marine x2  
  78  6:14  SCV  
  78  6:15  SCV  
  78  6:16  Marauder  
  84  6:22  Medivac  
  84  6:23  Medivac  
  88  6:31  Supply Depot  
  88  6:33  Marine  
  88  6:34  Marine  
  88  6:35  Marauder  
  88  6:37  Marauder  
  93  6:40  Supply Depot  
  93  6:42  Supply Depot  
  93  6:47  Liberator x2  
  93  6:49  Widow Mine x2  
  97  7:01  Marine x2, Marauder  
  97  7:02  Marauder  
  108  7:17  Command Center  
  108  7:19  Marine x2  
  110  7:23  Marauder x2  
  114  7:35  Terran Infantry Armor Level 1, Barracks  
  114  7:37  Barracks  
  114  7:42  Marine x2  
  114  7:43  Widow Mine x2  
  116  7:44  Marauder x2  
  116  7:46  SCV x2  
  126  7:52  Supply Depot  
  126  7:53  Supply Depot  
  126  8:14  Marine x2, Marauder x2, Medivac x2  
  126  8:15  Supply Depot  
  126  8:17  Supply Depot  
  135  8:31  Barracks Tech Lab  
  135  8:32  Barracks Reactor  
  135  8:33  Orbital Command  
  135  8:34  Liberator x2, Supply Depot, SCV x2  
  137  8:39  Marine x2, Marauder  
  137  8:40  Marauder  
  139  8:46  SCV x2  
  141  8:50  Widow Mine x2  
  141  8:54  Concussive Shells  
  151  9:04  SCV x2  
  151  9:05  SCV  
  154  9:10  Marine x4  
  154  9:12  Marauder  
  154  9:13  Marauder x2  
  164  9:24  Supply Depot, Engineering Bay  
  163  9:32  Marine  
  163  9:33  Marine x3  
  163  9:34  Marauder x2  
  154  9:49  Marine  
  154  9:50  Marine x2  
  154  9:51  Marine  
  134  9:55  Marauder x2  
  134  9:59  Armory  
  137  10:01  Marine  
  143  10:08  Marine x3  
  143  10:13  SCV x2  
  150  10:15  Supply Depot  
  150  10:16  Barracks x2  
Show
View Real Time Build Order
Export as new Build Order

Neeb Protoss 

Build Orders: 1 Gate Expand, Blink Stalkers 

Get SALT Encoding   

  12  0:00  Probe (Chrono Boost)  
  13  0:11  Probe (Chrono Boost)  
  14  0:16  Pylon  
  14  0:22  Probe (Chrono Boost)  
  15  0:35  Probe (Chrono Boost)  
  16  0:36  Gateway  
  16  0:45  Probe (Chrono Boost)  
  16  0:46  Assimilator  
  17  0:56  Probe (Chrono Boost)  
  18  1:06  Probe (Chrono Boost)  
  19  1:18  Nexus  
  19  1:21  Probe (Chrono Boost)  
  20  1:31  Cybernetics Core  
  20  1:34  Probe (Chrono Boost)  
  20  1:38  Assimilator  
  21  1:44  Probe (Chrono Boost)  
  22  1:49  Pylon  
  22  1:55  Probe (Chrono Boost)  
  23  2:08  Mothership Core (Chrono Boost)  
  25  2:10  Adept  
  27  2:20  Warp Gate  
  27  2:27  Probe (Chrono Boost)  
  28  2:31  Probe (Chrono Boost)  
  28  2:34  Adept  
  29  2:39  Probe (Chrono Boost)  
  29  2:41  Probe (Chrono Boost)  
  34  2:51  Probe (Chrono Boost)  
  34  2:52  Twilight Council, Probe (Chrono Boost)  
  34  2:53  Pylon  
  35  3:02  Probe (Chrono Boost)  
  35  3:04  Probe (Chrono Boost)  
  35  3:13  Probe (Chrono Boost)  
  35  3:16  Probe (Chrono Boost)  
  37  3:20  Gateway  
  37  3:22  Blink  
  37  3:23  Probe (Chrono Boost), Gateway  
  39  3:28  Probe (Chrono Boost)  
  39  3:34  Pylon, Probe (Chrono Boost)  
  40  3:43  Mothership Core (Chrono Boost)  
  40  3:44  Probe (Chrono Boost)  
  40  3:46  Stalker  
  43  3:52  Pylon  
  43  3:55  Probe (Chrono Boost)  
  44  4:01  Assimilator  
  45  4:03  Probe (Chrono Boost)  
  45  4:06  Probe (Chrono Boost)  
  46  4:12  Robotics Facility  
  46  4:16  Probe x2 (Chrono Boost)  
  48  4:22  Stalker x2  
  52  4:26  Pylon  
  52  4:27  Probe (Chrono Boost)  
  52  4:28  Probe (Chrono Boost)  
  52  4:30  Stalker  
  56  4:37  Probe (Chrono Boost)  
  58  4:40  Probe (Chrono Boost)  
  52  4:46  Stalker x2  
  52  4:48  Probe (Chrono Boost)  
  57  4:55  Pylon, Probe (Chrono Boost)  
  57  4:56  Observer  
  57  4:59  Probe (Chrono Boost)  
  60  5:02  Stalker  
  62  5:07  Pylon  
  62  5:13  Probe (Chrono Boost)  
  62  5:16  Probe (Chrono Boost)  
  62  5:18  Warp Prism  
  63  5:24  Assimilator  
  63  5:26  Probe (Chrono Boost)  
  63  5:27  Probe (Chrono Boost)  
  65  5:35  Pylon  
  65  5:37  Stalker x2  
  65  5:38  Probe (Chrono Boost)  
  65  5:41  Stalker  
  71  5:52  Probe (Chrono Boost)  
  71  5:56  Nexus  
  72  5:58  Probe (Chrono Boost)  
  72  6:02  Resonating Glaives  
  73  6:04  Forge  
  73  6:06  Probe (Chrono Boost)  
  73  6:09  Observer, Probe (Chrono Boost)  
  77  6:18  Probe (Chrono Boost)  
  77  6:20  Probe (Chrono Boost)  
  77  6:21  Sentry x2  
  77  6:24  Protoss Ground Weapons Level 1  
  82  6:29  Gateway  
  82  6:31  Gateway  
  82  6:36  Probe (Chrono Boost)  
  82  6:37  Probe (Chrono Boost)  
  84  6:44  Gateway  
  84  6:54  Pylon  
  84  6:58  Pylon, Probe x2 (Chrono Boost)  
  86  7:04  Pylon  
  86  7:08  Pylon, Immortal  
  90  7:09  Adept x2  
  90  7:11  Adept  
  98  7:15  Probe (Chrono Boost)  
  98  7:16  Probe x2 (Chrono Boost)  
  98  7:26  Probe (Chrono Boost)  
  98  7:28  Probe x2 (Chrono Boost)  
  101  7:33  Pylon, Adept  
  101  7:34  Adept x2  
  101  7:36  Probe (Chrono Boost)  
  101  7:37  Pylon  
  102  7:45  Adept x2  
  102  7:47  Adept, Immortal  
  112  8:01  Stalker x3  
  112  8:04  Protoss Ground Armor Level 1  
  114  8:06  Gateway  
  114  8:10  Pylon  
  114  8:11  Gateway  
  114  8:17  Stalker x3  
  120  8:26  Immortal  
  122  8:38  Stalker x3  
  126  8:46  Probe (Chrono Boost)  
  126  8:47  Robotics Bay, Assimilator, Probe x2 (Chrono Boost)  
  129  8:50  Assimilator  
  129  8:56  Probe (Chrono Boost)  
  129  9:01  Pylon, Probe x2 (Chrono Boost)  
  132  9:03  Pylon  
  132  9:05  Observer  
  132  9:06  Adept x4  
  139  9:18  Stalker x4  
  147  9:28  Adept x4  
  117  9:51  Stalker x7  
  104  10:11  Adept  
  106  10:15  Adept x3  

Tags
 
Add a new tag
Caveats
  • Supply blocks, unpowered buildings, or Contaminate may cause inaccurate times.
  • Supply counts are checked every 10 seconds.